[Event "Titled Tuesday Blitz February 21 Early 2023"]
[White "Zochowski, Kacper"]
[Black "Meera, Sai"]
[WhiteFideId "1125494"]
[BlackFideId "5004357"]
[WhiteElo "2262"]
[BlackElo "2064"]
[Result "0-1"]
[Round "08"]
[TimeControl "180+2"]
[Date "2023.02.21"]
[WhiteClock "0:00:22"]
[BlackClock "0:01:08"]

1. Nf3 Nf6 2. c4 e6 3. g3 d5 4. Bg2 Be7 5. O-O O-O 6. b3 d4 7. Bb2 c5 8. b4 Nc6 9. bxc5 Bxc5 10. d3 e5 11. Nbd2 Bf5 12. Nb3 Bb6 13. c5 Bc7 14. Nfd2 Re8 15. Nc4 Qd7 16. Nd6 Bxd6 17. cxd6 Qxd6 18. Rc1 Rac8 19. Nc5 b6 20. Nb7 Qd7 21. Qa4 e4 22. dxe4 Bxe4 23. Qa6 Bxg2 24. Kxg2 Nb4 25. Qxa7 Rb8 26. Qxb6 Rxb7 27. Qxd4 Qxd4 28. Bxd4 Nxa2 29. Rc2 Nb4 30. Rb2 Rbb8 31. Rfb1 Nc6 32. Bxf6 gxf6 33. Rb6 Rxb6 34. Rxb6 Re6 35. e3 Ne5 36. Rb8+ Kg7 37. Rc8 Rc6 38. Rd8 Rc2 39. h3 Nc4 40. Kf3 Nd2+ 41. Ke2 Ne4+ 42. Kf3 Nxf2 43. h4 f5 44. Kf4 Ng4 45. Kxf5 Nxe3+ 46. Kf4 Nc4 47. Rc8 Rf2+ 48. Kg4 Ne5+ 49. Kh3 h5 50. Rc5 f6 51. Rc8 Nf3 52. g4 Rh2+ 53. Kg3 hxg4 54. Kxg4 Nxh4 55. Ra8 Ng6 56. Kf5 Rf2+ 57. Kg4 Ne5+ 58. Kh5 Rh2# 0-1


[Site "https://www.chess.com"]

[Event "Titled Tuesday Blitz February 21 Early 2023"]
[White "Ardila, Oscar Humberto"]
[Black "Shuvalov, Evgenij"]
[WhiteFideId "4404742"]
[BlackFideId "4187237"]
[WhiteElo "1982"]
[BlackElo "2038"]
[Result "0-1"]
[Round "08"]
[TimeControl "180+2"]
[Date "2023.02.21"]
[WhiteClock "0:00:03"]
[BlackClock "0:00:57"]

1. d4 Nf6 2. c4 g6 3. Nf3 Bg7 4. Nc3 d5 5. e3 c5 6. Be2 Nc6 7. O-O cxd4 8. Nxd4 O-O 9. Nxc6 bxc6 10. Qa4 Qb6 11. Qa3 Re8 12. c5 Qc7 13. Bd2 e5 14. Bf3 a5 15. g3 Bf8 16. Na4 Ba6 17. Rfe1 Nd7 18. Rac1 Bb5 19. Nc3 Bd3 20. Na4 e4 21. Bg2 Ne5 22. Qc3 Bg7 23. Qa3 Nc4 24. Rxc4 dxc4 25. Nb6 Rad8 26. Qxa5 Bxb2 27. Bc3 Bxc3 28. Qxc3 Qe5 29. Qb4 c3 30. Rc1 c2 31. Qb3 Re7 32. Na4 Ra7 33. Bf1 Qd5 34. Nb2 Rxa2 35. Qxd5 Rxd5 36. Nc4 Bxc4 37. Bxc4 Rd1+ 38. Kg2 Rxc1 39. Bxa2 Ra1 40. Bxf7+ Kxf7 41. h3 c1=Q 42. g4 Qg1# 0-1


[Site "https://www.chess.com"]

[Event "Titled Tuesday Blitz February 21 Early 2023"]
[White "Kiselev, Pavel"]
[Black "Andreev, Konstantin"]
[WhiteFideId "4191102"]
[BlackFideId "24239305"]
[WhiteElo "2245"]
[BlackElo "2195"]
[Result "1-0"]
[Round "08"]
[TimeControl "180+2"]
[Date "2023.02.21"]
[WhiteClock "0:02:00"]
[BlackClock "0:02:20"]

1. c4 Nf6 2. Nc3 e5 3. d3 d5 4. cxd5 Nxd5 5. Nf3 Nc6 6. g3 Bc5 7. Bg2 O-O 8. O-O Nb6 9. Bd2 f6 10. a3 Be6 11. b4 Be7 12. Rc1 a5 13. b5 Nd4 14. Nxd4 exd4 15. Nb1 Rb8 16. Bxa5 Bd5 17. Bxb6 cxb6 18. a4 Ra8 19. Nd2 Bxg2 20. Kxg2 Qd5+ 21. Nf3 Bb4 22. Rc4 Bc3 23. Qb3 Kh8 24. Rxc3 1-0


[Site "https://www.chess.com"]

[Event "Titled Tuesday Blitz February 21 Early 2023"]
[White "Kielinkei"]
[Black "Schut, Han"]
[BlackFideId "1005561"]
[WhiteElo "2378"]
[BlackElo "2101"]
[Result "0-1"]
[Round "08"]
[TimeControl "180+2"]
[Date "2023.02.21"]
[WhiteClock "0:00:01"]
[BlackClock "0:00:16"]

1. Nc3 e6 2. d4 d5 3. Bf4 Bd6 4. Bxd6 Qxd6 5. e3 a6 6. Nf3 c5 7. dxc5 Qxc5 8. Be2 Nf6 9. O-O O-O 10. Ne5 Nc6 11. Nxc6 Qxc6 12. Qd2 b5 13. Bf3 Bb7 14. Ne2 Rac8 15. c3 e5 16. g3 Rfd8 17. Rfd1 h6 18. Bg2 Qe6 19. Rac1 Rc7 20. h3 Rcd7 21. Qe1 Ne4 22. Rc2 f5 23. Rcc1 d4 24. cxd4 Qxa2 25. dxe5 Qxb2 26. Rxd7 Rxd7 27. Nd4 Ng5 28. Bxb7 Rxb7 29. h4 Qxd4 30. hxg5 Qxe5 31. gxh6 b4 32. hxg7 b3 33. Rc8+ Kxg7 34. Rc6 b2 0-1


[Site "https://www.chess.com"]

[Event "Titled Tuesday Blitz February 21 Early 2023"]
[White "Decoster, Frederic"]
[Black "Rego, Pedro Filipe"]
[WhiteFideId "204269"]
[BlackFideId "1904310"]
[WhiteElo "2301"]
[BlackElo "2312"]
[Result "0-1"]
[Round "08"]
[TimeControl "180+2"]
[Date "2023.02.21"]
[WhiteClock "0:00:27"]
[BlackClock "0:00:43"]

1. e4 c5 2. Nf3 d6 3. d4 cxd4 4. Nxd4 Nf6 5. Nc3 Nc6 6. Bg5 e6 7. Qd2 a6 8. O-O-O Bd7 9. f3 Be7 10. h4 Qc7 11. Kb1 b5 12. Nxc6 Bxc6 13. Bd3 b4 14. Ne2 a5 15. Nd4 Bd7 16. h5 h6 17. Be3 d5 18. Nb5 Qb7 19. e5 Bxb5 20. exf6 Bxf6 21. Rhe1 Rc8 22. Bxb5+ Qxb5 23. Bd4 Bxd4 24. Qxd4 O-O 25. g4 Qc4 26. Qd2 a4 27. Re3 Qf4 28. Qe2 Rc4 29. b3 axb3 30. cxb3 Rc5 31. Rc1 Rxc1+ 32. Kxc1 Rc8+ 33. Kb1 d4 0-1


[Site "https://www.chess.com"]

[Event "Titled Tuesday Blitz February 21 Early 2023"]
[White "Quirke, Jeffrey"]
[Black "Sarkar, Justin"]
[WhiteFideId "2013029"]
[BlackFideId "2010011"]
[WhiteElo "2007"]
[BlackElo "2309"]
[Result "1-0"]
[Round "08"]
[TimeControl "180+2"]
[Date "2023.02.21"]
[WhiteClock "0:00:13"]
[BlackClock "0:00:01"]

1. e4 e5 2. Nf3 Nc6 3. Bb5 a6 4. Ba4 Nf6 5. Qe2 b5 6. Bb3 Be7 7. c3 O-O 8. O-O d6 9. a4 Bg4 10. h3 Bh5 11. d3 Re8 12. Nbd2 Rb8 13. axb5 axb5 14. Re1 d5 15. Qf1 d4 16. cxd4 Nxd4 17. Nxd4 Qxd4 18. g4 Bg6 19. Nf3 Qd6 20. Be3 c5 21. Nh4 Nd7 22. Nf5 Bxf5 23. gxf5 Red8 24. Red1 Nf6 25. Qe2 Ra8 26. Rac1 Rac8 27. Kg2 g6 28. fxg6 hxg6 29. Qf3 Rf8 30. Qg3 1-0


[Site "https://www.chess.com"]

[Event "Titled Tuesday Blitz February 21 Early 2023"]
[White "Shubin, Daniel"]
[Black "Kohler, Aran"]
[WhiteFideId "30936470"]
[BlackFideId "1002856"]
[WhiteElo "2231"]
[BlackElo "2010"]
[Result "0-1"]
[Round "08"]
[TimeControl "180+2"]
[Date "2023.02.21"]
[WhiteClock "0:00:01"]
[BlackClock "0:00:02"]

1. e4 c6 2. d4 d5 3. Nc3 dxe4 4. Nxe4 Bf5 5. Ng3 Bg6 6. h4 h6 7. Nf3 Nd7 8. h5 Bh7 9. Bd3 Ngf6 10. Bxh7 Nxh7 11. Qd3 e6 12. Bd2 Be7 13. O-O-O Ng5 14. Nxg5 Bxg5 15. Ne4 Be7 16. Kb1 a5 17. c4 a4 18. c5 Nxc5 19. Nxc5 Bxc5 20. Bxh6 Qxd4 21. Qc2 Qxf2 22. Rd2 Qf6 23. Bxg7 Qxg7 24. Qxc5 a3 25. Qb4 Rxh5 26. Rxh5 Qg6+ 27. Kc1 axb2+ 28. Kxb2 Qxh5 29. Qd6 Qg5 30. Qd4 e5 31. Qd7+ Kf8 32. Rc2 Qd8 33. Qh3 Qd4+ 34. Kb1 Rd8 35. Qh6+ Ke7 36. Qg5+ f6 37. Qg7+ Ke6 38. g4 Qb4+ 39. Kc1 Qe1+ 40. Kb2 Qb4+ 41. Kc1 Qf4+ 42. Kb2 e4 43. Qxb7 Qe5+ 44. Ka3 Qa5+ 45. Kb3 Qb5+ 46. Qxb5 cxb5 47. Rc6+ Ke5 48. Kc3 e3 49. Rc7 Kf4 0-1


[Site "https://www.chess.com"]

[Event "Titled Tuesday Blitz February 21 Early 2023"]
[White "Lucassen, Mickey"]
[Black "Thomas, Anysia"]
[WhiteFideId "12919110"]
[BlackFideId "670472"]
[WhiteElo "2023"]
[BlackElo "2147"]
[Result "1-0"]
[Round "08"]
[TimeControl "180+2"]
[Date "2023.02.21"]
[WhiteClock "0:00:34"]
[BlackClock "0:00:18"]

1. e4 c5 2. Nf3 g6 3. d4 cxd4 4. Qxd4 Nf6 5. Bb5 a6 6. Qa4 axb5 7. Qxa8 Na6 8. Qa7 b6 9. Be3 Nc5 10. Nc3 Bg7 11. O-O b4 12. Nb5 O-O 13. e5 Nfe4 14. a3 Ba6 15. a4 Nxa4 16. Qxa6 Nxb2 17. Bxb6 Qb8 18. Bc7 Qe8 19. Rab1 Nc4 20. Rxb4 Ncd2 21. Nxd2 Nxd2 22. Rd1 Qa8 23. Qxa8 Rxa8 24. h3 Bh6 25. f4 1-0


[Site "https://www.chess.com"]

[Event "Titled Tuesday Blitz February 21 Early 2023"]
[White "Rose, Felix"]
[Black "Buganca, Luiz Henrique Da Silva"]
[WhiteFideId "5105722"]
[BlackFideId "2182289"]
[WhiteElo "2091"]
[BlackElo "1920"]
[Result "1/2-1/2"]
[Round "08"]
[TimeControl "180+2"]
[Date "2023.02.21"]
[WhiteClock "0:00:16"]
[BlackClock "0:01:55"]

1. e4 c5 2. Nf3 Nc6 3. d4 cxd4 4. Nxd4 g6 5. c4 Bg7 6. Be3 Nf6 7. Nc3 O-O 8. Be2 d6 9. f3 Bd7 10. Qd2 a5 11. h4 h5 12. g4 hxg4 13. h5 gxf3 14. Bxf3 Ne5 15. Be2 Bg4 16. hxg6 fxg6 17. O-O-O Rc8 18. Bh6 Nxc4 19. Bxc4+ Rxc4 20. Bxg7 Kxg7 21. Rdg1 Qb6 22. Rxg4 Qxd4 23. Qh6+ Kf7 24. Qxg6+ Ke6 25. Qf5+ Kf7 26. Kb1 Rxc3 27. Qg6+ Ke6 28. Qf5+ Kf7 29. bxc3 Qxc3 30. Qg6+ Ke6 31. Qf5+ Kf7 32. Qg6+ Ke6 33. Qf5+ Kf7 1/2-1/2


[Site "https://www.chess.com"]

[Event "Titled Tuesday Blitz February 21 Early 2023"]
[White "lisjakzlatko1"]
[Black "Tsyhanchuk, Stanislav"]
[BlackFideId "13505130"]
[WhiteElo "2162"]
[BlackElo "2273"]
[Result "1-0"]
[Round "08"]
[TimeControl "180+2"]
[Date "2023.02.21"]
[WhiteClock "0:00:40"]
[BlackClock "0:01:14"]

1. e4 c5 2. b4 cxb4 3. Bb2 d5 4. exd5 Qxd5 5. d4 Nf6 6. c4 bxc3 7. Nxc3 Qd8 8. Bc4 e6 9. Nf3 Nc6 10. O-O a6 11. d5 exd5 12. Nxd5 Nxd5 13. Bxd5 Be6 14. Bxe6 fxe6 15. Qb3 Qd5 16. Qxb7 Rb8 17. Qc7 Rxb2 18. Rad1 Bd6 19. Qc8+ Kf7 20. Qxh8 Qc5 21. Qxh7 Ne7 22. h4 Nf5 23. Ng5+ Ke7 24. Qg6 Re2 25. Qf7+ Kd8 26. Nxe6+ Rxe6 27. Qxe6 Kc7 28. Rc1 1-0


[Site "https://www.chess.com"]

[Event "Titled Tuesday Blitz February 21 Early 2023"]
[White "mohsengabr2002"]
[Black "babbilator"]
[WhiteElo "2324"]
[BlackElo "2129"]
[Result "1-0"]
[Round "08"]
[TimeControl "180+2"]
[Date "2023.02.21"]
[WhiteClock "0:01:56"]
[BlackClock "0:00:31"]

1. b3 Nf6 2. e3 b6 3. a4 a5 4. Bb2 e6 5. Qf3 d5 6. g4 h6 7. h4 Bb7 8. Bh3 Nbd7 9. g5 hxg5 10. hxg5 Ne4 11. Bxe6 fxe6 12. Rxh8 Qxg5 13. Nh3 Qe7 14. Ba3 c5 15. Qh5+ Kd8 16. Nf4 Kc7 17. Bb2 e5 18. Ng6 Qf6 19. Bxe5+ Nxe5 20. Qxe5+ 1-0


[Site "https://www.chess.com"]

[Event "Titled Tuesday Blitz February 21 Early 2023"]
[White "Better_Chess_Faster"]
[Black "Uzcategui Rodriguez, Alejandro"]
[BlackFideId "3903400"]
[WhiteElo "1968"]
[BlackElo "2255"]
[Result "0-1"]
[Round "08"]
[TimeControl "180+2"]
[Date "2023.02.21"]
[WhiteClock "0:00:01"]
[BlackClock "0:01:33"]

1. c4 Nf6 2. g3 e6 3. Bg2 d5 4. Nf3 Be7 5. d4 O-O 6. O-O dxc4 7. Qc2 a6 8. a4 Bd7 9. Qxc4 Bc6 10. Bf4 Bd6 11. Qc1 a5 12. Nc3 Na6 13. Re1 Nb4 14. Qd2 Ne4 15. Nxe4 Bxe4 16. Rec1 Nd5 17. Bxd6 cxd6 18. Ne1 Bxg2 19. Kxg2 Qb6 20. e4 Nb4 21. Rc3 d5 22. exd5 Nxd5 23. Rc5 Rfd8 24. Nf3 h6 25. Rac1 Nf6 26. Qc2 g6 27. h4 Rd7 28. Rd1 Rad8 29. b3 Rd5 30. Rc7 R8d7 31. Rxd7 Rxd7 32. Ne5 Rc7 33. Qd3 Nd5 34. h5 Rc3 35. Qe4 g5 36. Ng4 Kg7 37. Qe5+ f6 38. Qe4 Qc6 39. Qg6+ Kf8 40. Qxh6+ Ke7 41. Qg7+ Kd6 42. h6 Nf4+ 43. Kf1 Qg2+ 0-1


[Site "https://www.chess.com"]

[Event "Titled Tuesday Blitz February 21 Early 2023"]
[White "Kotepalli, Sai Nirupama"]
[Black "Castillo Pena, Patricia Evarista"]
[WhiteFideId "5039444"]
[BlackFideId "6412106"]
[WhiteElo "1910"]
[BlackElo "1783"]
[Result "1-0"]
[Round "08"]
[TimeControl "180+2"]
[Date "2023.02.21"]
[WhiteClock "0:00:32"]
[BlackClock "0:00:01"]

1. e4 c5 2. Nf3 d6 3. d3 Nf6 4. g3 g6 5. Bg2 Bg7 6. O-O O-O 7. c3 Nc6 8. Qe2 Rb8 9. Nbd2 b5 10. a3 a5 11. h4 b4 12. axb4 axb4 13. Nc4 Be6 14. e5 dxe5 15. Ncxe5 Nxe5 16. Nxe5 Qb6 17. Bf4 Rbd8 18. cxb4 Nd5 19. bxc5 Nxf4 20. gxf4 Qxc5 21. Rfc1 Qd4 22. Nc6 Qxf4 23. Nxd8 Rxd8 24. Rc2 Be5 25. Qf3 Qh2+ 26. Kf1 h5 27. Ra7 Qxh4 28. Ke1 Bg4 29. Qe4 Bf6 30. Bf3 Qh2 31. Bxg4 Qg1+ 32. Ke2 hxg4 33. Ra8 Rxa8 34. Qxa8+ Kg7 35. Qe4 g3 36. fxg3 Qxg3 37. Qf3 Qh2+ 38. Kd1 Qg1+ 39. Kd2 Bg5+ 40. Kc3 Qc5+ 41. Kb3 Qb5+ 42. Ka2 Qa4+ 43. Kb1 Bf6 44. Qe4 Qd7 45. Rc4 Qh3 46. Qe2 Qh1+ 47. Kc2 Qb7 48. d4 1-0


[Site "https://www.chess.com"]

[Event "Titled Tuesday Blitz February 21 Early 2023"]
[White "tandercat"]
[Black "Sovetbekova, Nurai"]
[BlackFideId "13801910"]
[WhiteElo "1859"]
[BlackElo "1764"]
[Result "0-1"]
[Round "08"]
[TimeControl "180+2"]
[Date "2023.02.21"]
[WhiteClock "0:00:04"]
[BlackClock "0:01:05"]

1. d4 Nf6 2. c4 g6 3. Nc3 d5 4. cxd5 Nxd5 5. e4 Nxc3 6. bxc3 Bg7 7. Bc4 O-O 8. Ne2 c5 9. O-O Nc6 10. Be3 Na5 11. Bd3 b6 12. d5 e6 13. c4 Bxa1 14. Qxa1 f6 15. Bh6 Rf7 16. h4 exd5 17. exd5 Ba6 18. Qc3 Qd7 19. Nf4 Qg4 20. h5 g5 21. Ng6 Qxh5 22. Bxg5 Qxg5 23. f4 Qg4 0-1


[Site "https://www.chess.com"]

[Event "Titled Tuesday Blitz February 21 Early 2023"]
[White "Mushini Ajay"]
[Black "Sabar, Ethmane Daouda"]
[WhiteFideId "35066188"]
[BlackFideId "19600097"]
[WhiteElo "2310"]
[BlackElo "2040"]
[Result "1-0"]
[Round "08"]
[TimeControl "180+2"]
[Date "2023.02.21"]
[WhiteClock "0:00:22"]
[BlackClock "0:00:11"]

1. e4 e5 2. Nf3 Nc6 3. Bb5 f5 4. Nc3 fxe4 5. Nxe4 d5 6. Nxe5 dxe4 7. Nxc6 Qg5 8. Qe2 Nf6 9. Ne5+ c6 10. Nxc6 a6 11. Ba4 Bd7 12. f4 Qxf4 13. d4 Qd6 14. c3 Bxc6 15. Bb3 Rc8 16. O-O Bb5 17. c4 Qxd4+ 18. Be3 Bxc4 19. Rxf6 Qxf6 20. Bxc4 Bc5 21. Bxc5 Rxc5 22. Qxe4+ Qe5 23. Qg4 g6 24. Rd1 b5 25. Qd7+ Kf8 26. Qf7# 1-0


[Site "https://www.chess.com"]

[Event "Titled Tuesday Blitz February 21 Early 2023"]
[White "Burke, John F"]
[Black "Buscar, Michael"]
[WhiteFideId "2052970"]
[BlackFideId "2603616"]
[WhiteElo "2013"]
[BlackElo "2041"]
[Result "1-0"]
[Round "08"]
[TimeControl "180+2"]
[Date "2023.02.21"]
[WhiteClock "0:00:46"]
[BlackClock "0:01:16"]

1. d4 d5 2. c4 e6 3. Nc3 c6 4. Nf3 f5 5. g3 Nf6 6. Bg2 Bd6 7. O-O O-O 8. e3 Nbd7 9. b3 Qe7 10. Bb2 Kh8 11. Qc2 Ne4 12. Ne2 Ndf6 13. Ne5 Bd7 14. Nf4 Be8 15. f3 Ng5 16. h4 h6 17. hxg5 Bxe5 18. dxe5 Nh5 19. gxh6 Nxg3 20. hxg7+ Qxg7 21. Rfe1 Kg8 22. Kf2 Kf7 23. Rg1 Rg8 24. Bh3 Ke7 25. cxd5 cxd5 26. Qc7+ Bd7 27. Ba3+ Ke8 28. Qd6 Rc8 29. Bc5 b6 30. Nxe6 Bxe6 31. Qxe6+ Kd8 32. Bxf5 Rxc5 33. Qd6+ Ke8 34. Qb8+ Ke7 35. Qxa7+ Ke8 36. Qxg7 Rxg7 37. Rxg3 Re7 38. f4 Rec7 39. Rg8+ Kf7 40. Rag1 Rc2+ 41. Kf3 1-0


[Site "https://www.chess.com"]

[Event "Titled Tuesday Blitz February 21 Early 2023"]
[White "Tarnowska, Aleksandra"]
[Black "Levitan, Caleb Levi"]
[WhiteFideId "1180967"]
[BlackFideId "14332620"]
[WhiteElo "1835"]
[BlackElo "2129"]
[Result "0-1"]
[Round "08"]
[TimeControl "180+2"]
[Date "2023.02.21"]
[WhiteClock "0:00:11"]
[BlackClock "0:00:22"]

1. e4 c5 2. Nf3 e6 3. d4 cxd4 4. Nxd4 a6 5. Nc3 b5 6. a3 Bb7 7. g3 Nc6 8. Bg2 Bc5 9. Nb3 Ba7 10. O-O Nge7 11. Kh1 O-O 12. Bf4 e5 13. Bg5 h6 14. Be3 Bxe3 15. fxe3 d6 16. Nd5 Nxd5 17. exd5 Ne7 18. e4 Bc8 19. Qd2 f5 20. Rae1 Qe8 21. Qb4 Qg6 22. exf5 Bxf5 23. c3 Bd3 24. Rxf8+ Rxf8 25. Qa5 Bc4 26. Nd2 Bxd5 27. Bxd5+ Nxd5 28. Qxa6 Qd3 29. Ne4 Qf3+ 30. Kg1 Ne3 31. Rxe3 Qf1# 0-1


[Site "https://www.chess.com"]

[Event "Titled Tuesday Blitz February 21 Early 2023"]
[White "Dias, Joao Batista"]
[Black "Ciuffoletti, Paolo"]
[WhiteFideId "2108240"]
[BlackFideId "807630"]
[WhiteElo "1796"]
[BlackElo "2106"]
[Result "1-0"]
[Round "08"]
[TimeControl "180+2"]
[Date "2023.02.21"]
[WhiteClock "0:01:04"]
[BlackClock "0:00:03"]

1. e4 c5 2. Nf3 Nc6 3. Bb5 e6 4. h3 Nge7 5. O-O a6 6. Be2 Ng6 7. c3 d5 8. d3 Be7 9. Na3 O-O 10. Nc2 b5 11. a3 Bb7 12. Be3 Qc7 13. Rc1 Rad8 14. Qe1 f5 15. exf5 exf5 16. Bg5 Bxg5 17. Nxg5 Rde8 18. Qd2 Qf4 19. Rcd1 Rxe2 20. Qxe2 Qxg5 21. Qe6+ Kh8 22. Qd7 Ba8 23. Kh2 d4 24. f4 Nxf4 25. Rf2 Nh5 26. Qd6 Rd8 27. Qc7 Qg3+ 28. Qxg3 Nxg3 29. Kxg3 dxc3 30. bxc3 Kg8 31. Rxf5 Na5 32. Rxc5 Re8 33. Rc7 Re2 34. Nd4 Rxg2+ 35. Kf4 Rf2+ 36. Ke3 Rf8 37. Rg1 Re8+ 38. Kf4 g6 39. h4 Bd5 40. h5 Bf7 41. hxg6 hxg6 42. Nf5 Kf8 43. Nd6 Re6 44. Rxf7+ Kg8 45. Rd7 Rf6+ 46. Ke5 1-0


[Site "https://www.chess.com"]

[Event "Titled Tuesday Blitz February 21 Early 2023"]
[White "Liu, Xiangyi"]
[Black "Larina, Maria"]
[WhiteFideId "8605718"]
[BlackFideId "24113182"]
[WhiteElo "2377"]
[BlackElo "1948"]
[Result "1-0"]
[Round "08"]
[TimeControl "180+2"]
[Date "2023.02.21"]
[WhiteClock "0:01:35"]
[BlackClock "0:00:17"]

1. e4 c6 2. d4 d5 3. f3 Qb6 4. Nc3 e6 5. Nge2 Nd7 6. Bf4 Qxb2 7. Rb1 Qa3 8. Rb3 Qe7 9. Ng3 g6 10. exd5 exd5+ 11. Kf2 Bg7 12. Nxd5 cxd5 13. Re3 Ndf6 14. Bb5+ Bd7 15. Bxd7+ Nxd7 16. Rhe1 Kf8 17. Rxe7 Nxe7 18. c4 Nc6 19. cxd5 Nxd4 20. Bh6 Nb5 21. Bxg7+ Kxg7 22. Qa1+ Kg8 23. Re7 Rd8 24. Ne4 f5 25. Qg7# 1-0


[Site "https://www.chess.com"]

[Event "Titled Tuesday Blitz February 21 Early 2023"]
[White "Tsotsonava, Elene"]
[Black "Seifert, Henryk"]
[WhiteFideId "13615939"]
[BlackFideId "1100963"]
[WhiteElo "2053"]
[BlackElo "2106"]
[Result "1-0"]
[Round "08"]
[TimeControl "180+2"]
[Date "2023.02.21"]
[WhiteClock "0:00:04"]
[BlackClock "0:00:01"]

1. e4 e6 2. d4 d5 3. Nd2 c5 4. exd5 exd5 5. Ngf3 Nc6 6. Bb5 Bd6 7. dxc5 Bxc5 8. O-O Ne7 9. Nb3 Bb6 10. Re1 O-O 11. Bg5 Qd6 12. Bh4 Bg4 13. Bg3 Qf6 14. Be2 Rad8 15. c3 Nf5 16. Nfd4 Bxe2 17. Rxe2 Nfxd4 18. Nxd4 Nxd4 19. cxd4 Qxd4 20. Rd2 Qe4 21. Rc1 Rfe8 22. h3 h6 23. Rc3 d4 24. Rcd3 Qe1+ 25. Qxe1 Rxe1+ 26. Kh2 Re7 27. Bh4 g5 28. Bg3 f5 29. f4 Re4 30. fxg5 hxg5 31. Bf2 f4 32. h4 g4 33. g3 f3 34. Rc2 Rd7 35. Rc4 Kf7 36. h5 Kg7 37. Rc8 Kh6 38. Rh8+ Kg7 39. Rc8 Re2 40. Kg1 Rde7 41. Bxd4+ Bxd4+ 42. Rxd4 Rg2+ 43. Kf1 Rxb2 44. Rdd8 Rxa2 45. Rg8+ Kf7 46. Rcf8+ Ke6 47. Rg6+ 1-0


[Site "https://www.chess.com"]

[Event "Titled Tuesday Blitz February 21 Early 2023"]
[White "Ricaurte Lopez, Juan Carlos"]
[Black "Rosh Jain"]
[WhiteFideId "3600327"]
[BlackFideId "25789465"]
[WhiteElo "2226"]
[BlackElo "2248"]
[Result "1-0"]
[Round "08"]
[TimeControl "180+2"]
[Date "2023.02.21"]
[WhiteClock "0:00:38"]
[BlackClock "0:00:23"]

1. e4 c5 2. d4 cxd4 3. c3 d3 4. Bxd3 d6 5. f4 g6 6. Nf3 Bg7 7. O-O Nc6 8. Qe1 Bd7 9. a4 Nf6 10. Na3 O-O 11. Nc2 Rc8 12. Kh1 a6 13. Qh4 Qc7 14. Ne3 e6 15. f5 exf5 16. exf5 Ne5 17. fxg6 Nxd3 18. Nd5 fxg6 19. Nxc7 Rxc7 20. Bh6 Ng4 21. Bxg7 Kxg7 22. Rad1 Bf5 23. Nd4 Rcf7 24. Nxf5+ Rxf5 25. Rxf5 Rxf5 26. Kg1 Ne3 27. Qd4+ Re5 28. Qxd3 Nf5 29. g4 Ne3 30. Qxd6 Nxg4 31. h3 Rg5 32. hxg4 Rxg4+ 33. Kf2 1-0


[Site "https://www.chess.com"]

[Event "Titled Tuesday Blitz February 21 Early 2023"]
[White "Calcada, Lucas Galvan"]
[Black "Broca Jimenez, Fernando"]
[WhiteFideId "22746099"]
[BlackFideId "5104742"]
[WhiteElo "1739"]
[BlackElo "2075"]
[Result "1-0"]
[Round "08"]
[TimeControl "180+2"]
[Date "2023.02.21"]
[WhiteClock "0:01:56"]
[BlackClock "0:00:19"]

1. e4 c5 2. Nf3 g6 3. d4 cxd4 4. Nxd4 Nc6 5. Nb3 Nf6 6. Nc3 Bg7 7. Be3 O-O 8. f3 d6 9. Qd2 Be6 10. O-O-O Rc8 11. Kb1 Na5 12. Nxa5 Qxa5 13. Nd5 Qd8 14. h4 Nxd5 15. exd5 Bf5 16. Bd3 Bxd3 17. Qxd3 Qa5 18. h5 Rc3 19. bxc3 Bxc3 20. Qc4 b5 21. Qb3 Rc8 22. hxg6 hxg6 23. Bd4 Rc4 24. Rh8# 1-0


[Site "https://www.chess.com"]

[Event "Titled Tuesday Blitz February 21 Early 2023"]
[White "Winkels, Marcel"]
[Black "Jaivardhan Raj"]
[WhiteFideId "1003887"]
[BlackFideId "25744437"]
[WhiteElo "1960"]
[BlackElo "1901"]
[Result "0-1"]
[Round "08"]
[TimeControl "180+2"]
[Date "2023.02.21"]
[WhiteClock "0:00:31"]
[BlackClock "0:00:25"]

1. e4 c5 2. Nf3 e6 3. d4 cxd4 4. Nxd4 Nc6 5. Nc3 a6 6. g3 Qc7 7. Bg2 Nf6 8. O-O d6 9. h3 Be7 10. Be3 O-O 11. f4 Rd8 12. g4 Nxd4 13. Bxd4 e5 14. Be3 exf4 15. Rxf4 b5 16. g5 Ne8 17. Nd5 Qb7 18. e5 dxe5 19. Nf6+ gxf6 20. Bxb7 Rxd1+ 21. Rxd1 exf4 22. Bxa8 fxe3 23. gxf6 Nxf6 24. Bg2 Bf5 25. Re1 Bxc2 26. Kf1 Bd3+ 27. Kg1 Bc5 28. Kh2 e2 29. Bf3 Bf2 30. Rxe2 Bxe2 31. Bxe2 Bd4 32. b3 Nd5 33. a4 Nc3 34. Bd3 bxa4 35. bxa4 a5 36. Bc2 Kg7 37. Kg3 Kf6 38. Kf3 h6 39. Kg4 Nd5 40. Kh5 Nf4+ 41. Kg4 Be5 42. Bb3 h5+ 43. Kg3 Kg5 44. h4+ Kf6 45. Bc2 Nd5+ 46. Kf2 Bd4+ 47. Kf3 Ne3 48. Bd3 Nf5 49. Ke4 Bc3 50. Kd5 Nxh4 51. Be2 Kg5 52. Kc4 Bb4 53. Kd5 f5 54. Ke5 Bc3+ 55. Kd5 Ng2 56. Kc4 Bb4 57. Kd5 Nf4+ 58. Ke5 Nxe2 0-1


[Site "https://www.chess.com"]

[Event "Titled Tuesday Blitz February 21 Early 2023"]
[White "SulfatoFerroso"]
[Black "Bongo Akanga Ndjila, Barthelemy"]
[BlackFideId "10609431"]
[WhiteElo "1776"]
[BlackElo "1824"]
[Result "1-0"]
[Round "08"]
[TimeControl "180+2"]
[Date "2023.02.21"]
[WhiteClock "0:00:51"]
[BlackClock "0:00:56"]

1. e4 e5 2. Nf3 Nc6 3. Bc4 Nf6 4. d3 Bc5 5. O-O h6 6. Nbd2 O-O 7. h3 d6 8. c3 a5 9. Bb3 Be6 10. Bc2 Qe7 11. Re1 Rae8 12. Nf1 Ba7 13. d4 exd4 14. cxd4 Bc4 15. Ne3 Ba6 16. Nf5 Qd7 17. Bxh6 gxh6 18. Qd2 Nxe4 19. Bxe4 f6 20. Bd5+ Kh7 21. Qxh6# 1-0


[Site "https://www.chess.com"]

[Event "Titled Tuesday Blitz February 21 Early 2023"]
[White "Burdalev, Kirill"]
[Black "Desideri, Ricardo Maruchi"]
[WhiteFideId "14121913"]
[BlackFideId "2110440"]
[WhiteElo "2368"]
[BlackElo "1959"]
[Result "1-0"]
[Round "08"]
[TimeControl "180+2"]
[Date "2023.02.21"]
[WhiteClock "0:01:30"]
[BlackClock "0:01:15"]

1. d4 Nf6 2. c4 c5 3. d5 e6 4. Nc3 exd5 5. cxd5 d6 6. Nf3 g6 7. g3 Bg7 8. Bg2 a6 9. a4 O-O 10. O-O Re8 11. Bf4 Ne4 12. Nxe4 Rxe4 13. Nd2 Rxf4 14. gxf4 Bxb2 15. Rb1 Bg7 16. Nc4 b5 17. axb5 axb5 18. Rxb5 Ba6 19. Ra5 Bc3 20. Ra3 Bb4 21. Ra2 Nd7 22. Nxd6 Nf6 23. Ne4 Nxd5 24. Qxd5 1-0


[Site "https://www.chess.com"]

[Event "Titled Tuesday Blitz February 21 Early 2023"]
[White "Bashirli, Saadat"]
[Black "Clawitter, Craig"]
[WhiteFideId "13429990"]
[BlackFideId "2023105"]
[WhiteElo "1571"]
[BlackElo "2050"]
[Result "0-1"]
[Round "08"]
[TimeControl "180+2"]
[Date "2023.02.21"]
[WhiteClock "0:00:28"]
[BlackClock "0:00:33"]

1. e4 e6 2. d4 d5 3. Nc3 Bb4 4. Ne2 dxe4 5. a3 Be7 6. Nxe4 Nf6 7. N2c3 Nc6 8. Bb5 Bd7 9. O-O O-O 10. Nxf6+ Bxf6 11. Be3 a6 12. Bd3 Nxd4 13. Bxd4 Bxd4 14. Bxh7+ Kxh7 15. Qxd4 Bc6 16. Qe3 Qf6 17. Rad1 Rad8 18. Qh3+ Kg8 19. Qg3 g6 20. Qxc7 Kg7 21. Qg3 Rh8 22. Rxd8 Rxd8 23. Re1 Rd2 24. Rc1 Qf5 25. Nd1 Qxc2 26. Qc3+ Qxc3 27. bxc3 Ra2 28. Ne3 Rxa3 29. Nc4 Ra2 30. h3 a5 31. Rb1 a4 32. Nd6 a3 33. Nxb7 Rb2 34. Ra1 a2 35. Kh2 Bxb7 36. Kg3 Bd5 37. f3 Rb1 38. Rxa2 Bxa2 39. c4 Bxc4 40. f4 Rb3+ 41. Kg4 Kf6 42. f5 exf5+ 43. Kf4 Bd5 44. g4 fxg4 45. hxg4 Rb4+ 46. Kg3 Kg5 47. Kf2 Rxg4 48. Ke2 Rf4 49. Kd3 Rf5 50. Kd2 Kf6 51. Kc2 Bb3+ 52. Kb2 g5 53. Kxb3 g4 54. Kc3 g3 55. Kd3 g2 56. Ke2 g1=Q 57. Kd3 Qg3+ 58. Ke2 Rf2+ 59. Kd1 Qg1# 0-1


[Site "https://www.chess.com"]